 Dungeon Crawl Stone Soup version 0.24-a0-616-ge2a249a6fd (webtiles) character file.

Game seed: 4862709877393019242, levelgen mode: deterministic

420 P0NYSLAYSTATION the Slasher (level 6, -3/56 HPs)
             Began as a Hill Orc Monk on Sept 14, 2019.
             Was a Believer of Beogh.
             Slain by a goblin
             ... wielding a +2 dagger of electrocution
              (19 damage)
             ... on level 3 of the Dungeon.
             The game lasted 00:25:33 (3759 turns).

P0NYSLAYSTATION the Slasher (Hill Orc Monk)         Turns: 3759, Time: 00:25:33

Health: -3/56      AC:  7    Str: 16    XL:     6   Next: 94%
Magic:  6/6        EV: 12    Int: 12    God:    Beogh [**....]
Gold:   207        SH:  0    Dex: 13    Spells: 5/5 levels left

rFire    . . .     SeeInvis +   a - +0 falchion
rCold    . . .     Gourm    .   (no shield)
rNeg     . . .     Faith    .   g - +0 ring mail
rPois    +         Spirit   .   (no helmet)
rElec    .         Reflect  .   (no cloak)
rCorr    .         Harm     .   e - +0 pair of gloves
MR       .....                  (no boots)
Stlth    +.........             (no amulet)
HPRegen  0.18/turn              f - ring "Sirujow" {+Fly rPois SInv}
MPRegen  0.10/turn              r - +2 ring of intelligence

@: no status effects
A: no striking features
a: Smiting, Renounce Religion, Evoke Flight


You were on level 3 of the Dungeon.
You worshipped Beogh.
Beogh was pleased with you.
You were not hungry.

You visited 1 branch of the dungeon, and saw 5 of its levels.

You collected 207 gold pieces.

Inventory:

Hand Weapons
 a - a +0 falchion (weapon)
 q - a +1 scythe of venom
 s - a +0 trident
 u - a +0 short sword of venom
 x - a -2 long sword
Missiles
 j - a boomerang (quivered)
Armour
 b - a +0 robe
 e - a +0 pair of gloves (worn)
 g - a +0 ring mail (worn)
 o - a -2 pair of boots
Jewellery
 f - the ring "Sirujow" (left hand) {+Fly rPois SInv}
   (You found it on level 5 of the Dungeon)

   [ring of flight]

   It protects you from poison.
   It lets you see invisible.
   It lets you fly.
 r - a +2 ring of intelligence (right hand)
Scrolls
 i - a scroll of teleportation {unknown}
 m - 2 scrolls of identify
 n - 2 scrolls of enchant armour {unknown}
 t - a scroll of noise {unknown}
Potions
 d - a potion of mutation {unknown}
 h - 3 potions of lignification
 k - 2 potions of flight {unknown}
 l - a potion of magic {unknown}
 p - 3 potions of curing
 v - 2 potions of haste
 z - a potion of resistance {unknown}
 A - a potion of brilliance {unknown}
Comestibles
 c - 8 rations
 w - 2 chunks of flesh


   Skills:
 + Level 5.0 Fighting
 + Level 5.2 Long Blades
 * Level 0.4 Polearms
 + Level 0.1 Throwing
 * Level 4.1 Armour
 + Level 3.0 Dodging
 + Level 2.0 Stealth
 * Level 1.0 Invocations


You had 5 spell levels left.
You didn't know any spells.
Your spell library was empty.

Dungeon Overview and Level Annotations

Branches:
Dungeon (5/15)
 Temple: D:4-7

Altars:
Ashenzari


Message History

Beogh accepts your kill.
You hit the goblin.
The goblin is severely wounded.
The goblin hits you but does no damage.
You are electrocuted!!
You barely miss the goblin.
The goblin is severely wounded.
The goblin closely misses you.
You closely miss the goblin.
The goblin is severely wounded.
The goblin hits you but does no damage.
You are electrocuted!!
* * * LOW HITPOINT WARNING * * *
The goblin hits you but does no damage.
You are too injured to fight recklessly!
You barely miss the goblin.
The goblin is heavily wounded.
The goblin barely misses you.
You hit the goblin but do no damage.
The goblin is heavily wounded.
The goblin hits you but does no damage.
You are electrocuted!!
You die...

############
#..).......#
#.########.#
#.# #.#### #.#
##....# #.#
#...#.######
#.#
#>.........+
#.#
##.##@####.#
#.# #.##g# #.#
#.#.g.......
#.#
#.#..........
#)#
#.#8.....8#...
#.#
#.......#..#
#.#
.#8.....8#..#
#.#
#.#.......#..##
#.#
#.#8.....8#...#


You could see 2 goblins.

Vanquished Creatures
  Sigmund (D:2)
  A crimson imp (D:5)
  Terence (D:3)
  Natasha (twice) (D:3)
  A worker ant (D:3)
  4 adders
  A worm (D:2)
  A dart slug (D:1)
  4 leopard geckos
  An orc (D:3)
  7 bats
  9 giant cockroaches
  11 goblins
  11 hobgoblins
  3 jackals (D:3)
  2 quokkas (D:2)
  3 ball pythons
  6 frilled lizards
  9 kobolds
  5 rats
83 creatures vanquished.

Notes
Turn   | Place    | Note
-------+----------+-------------------------------------------
     0 | D:1      | P0NYSLAYSTATION the Hill Orc Monk began the quest for the
                  | Orb.
     0 | D:1      | Reached XP level 1. HP: 19/19 MP: 1/1
   721 | D:1      | Reached XP level 2. HP: 26/27 MP: 2/2
   879 | D:1      | Reached XP level 3. HP: 29/33 MP: 3/3
  1192 | D:2      | Reached XP level 4. HP: 28/40 MP: 4/4
  1615 | D:5      | Entered Level 5 of the Dungeon
  1630 | D:5      | Noticed a sky beast
  1637 | D:5      | Got a glittering marble ring
  1725 | D:4      | Found a shattered altar of Ashenzari.
  1777 | D:5      | Became a worshipper of Beogh the Brigand
  1777 | D:5      | Reached * piety under Beogh
  1777 | D:5      | Reached ** piety under Beogh
  1803 | D:5      | Reached skill level 1 in Armour
  1803 | D:5      | Reached XP level 5. HP: 27/47 MP: 5/5
  2394 | D:2      | Identified the ring "Sirujow" {+Fly rPois SInv} (You found
                  | it on level 5 of the Dungeon)
  2865 | D:3      | Noticed Terence
  2874 | D:3      | Killed Terence
  2874 | D:3      | Reached skill level 5 in Long Blades
  2904 | D:3      | Noticed Sigmund
  3013 | D:2      | Killed Sigmund
  3013 | D:2      | Reached skill level 5 in Fighting
  3013 | D:2      | Reached XP level 6. HP: 32/56 MP: 6/6
  3430 | D:3      | Noticed Natasha
  3438 | D:3      | Killed Natasha
  3539 | D:3      | Noticed Natasha
  3547 | D:3      | Killed Natasha
  3744 | D:3      | Reached skill level 1 in Invocations
  3759 | D:3      | Slain by a goblin

Levels and vault maps discovered:
D:1:      dpeg_arrival_triangle_fractal, layout_rooms, minmay_shallow_snake_nest
D:2:      layout_loops_ring, minmay_misc_feat_nine_boxes
D:3:      kennysheep_the_goblin_king, layout_basic, uniq_terence, uniq_sigmund,
          uniq_natasha
D:4:      layout_basic, evilmike_ruin_ashenzari, first_ration
D:5:      minmay_polygon_palace, layout_basic, minmay_circle_x

Skill      XL: |  1  2  3  4  5  6 |
---------------+-------------------+-----
Fighting       | 4 5 |  5.0
Long Blades    | 4 5 |  5.2
Dodging        | 3 |  3.0
Armour         | 1 3 4 |  4.1
Stealth        | 2 |  2.0
Invocations    | 1 |  1.0
Polearms       | |  0.4
Throwing       | |  0.1

Action                   |  1- 3 |  4- 6 || total
-------------------------+-------+-------++-------
Melee: Falchion          |   115 |   209 ||   324
Throw: Boomerang         |       |     5 ||     5
Invok: Convert to Beogh  |       |     1 ||     1
  Use: Potion            |     3 |     3 ||     6
       Scroll            |       |     6 ||     6
 Stab: Sleeping          |     1 |       ||     1
  Eat: Chunk             |     1 |     5 ||     6
       Ration            |       |     1 ||     1
Armor: Robe              |    18 |       ||    18
       Ring mail         |     5 |    72 ||    77
Dodge: Dodged            |   124 |   141 ||   265
       Rpst.: Falchion   |    40 |    43 ||    83

Table legend:
 A = Non-vault XP
 B = Vault XP
 C = Vault XP percentage of total XP
 D = Non-vault monster count
 E = Vault monster count
 F = Vault count percentage of total count
                 A         B        C        D         E       F
            +---------+---------+-------+---------+---------+-------
      Total |     292 |     309 |  51.4 |      74 |       9 |  10.8
            +---------+---------+-------+---------+---------+-------
        D:1 |      47 |       1 |   2.1 |      25 |       1 |   3.8
        D:2 |      91 |     227 |  71.4 |      33 |       1 |   2.9
        D:3 |     104 |      81 |  43.8 |      14 |       7 |  33.3
        D:5 |      50 |       0 |   0.0 |       2 |       0 |   0.0
            +---------+---------+-------+---------+---------+-------
